 Dungeon Crawl Stone Soup version 0.21-a0-95-g06f091e (webtiles) character file.

30 4thArraOfDagon the Digger (level 3, -3/21 HPs)
             Began as an Octopode Earth Elementalist on July 4, 2017.
             Slain by a worker ant (5 damage)
             ... on level 5 of the Dungeon.
             The game lasted 00:04:32 (300 turns).

4thArraOfDagon the Digger (OpEE)                     Turns: 300, Time: 00:04:33

Health: -3/21      AC:  1    Str:  7    XL:     3   Next: 20%
Magic:  0/6        EV: 13    Int: 18    God:
Gold:   82         SH:  0    Dex: 12    Spells: 3/6 levels left

rFire    . . .     SeeInvis .   g - +0 mace
rCold    . . .     Gourm    .   (no shield)
rNeg     . . .     Faith    .   (helmet restricted)
rPois    .         Spirit   .   (no amulet)
rElec    .         Reflect  .   (no ring)
rCorr    .         Harm     .   (no ring)
MR       .....                  (no ring)
Stlth    +++.......             (no ring)
HPRegen  0.07/turn              (no ring)
MPRegen  0.10/turn              (no ring)
                                (no ring)
                                (no ring)

@: no status effects
A: almost no armour, stealthy swim, amphibious, 8 rings, constrict 8, camouflage
1, gelatinous body 1
a: no special abilities


You were on level 5 of the Dungeon.
You were not hungry.

You visited 1 branch of the dungeon, and saw 5 of its levels.

You collected 82 gold pieces.

Inventory:

Hand Weapons
 g - a +0 mace (weapon)
Missiles
 b - 43 stones (quivered)
Wands
 j - a wand of iceblast (3/15)
Potions
 a - a potion of berserk rage {unknown}
 h - a potion of heal wounds {unknown}
Books
 d - a book of Geomancy

   Spells                             Type                      Level
   a - Sandblast                      Earth                        1
   b - Passwall                       Transmutation/Earth          2
   c - Stone Arrow                    Conjuration/Earth            3
   d - Petrify                        Transmutation/Earth          4
   e - Lee's Rapid Deconstruction     Earth                        5
Comestibles
 c - a bread ration
 f - a royal jelly


   Skills:
 - Level 2.0 Dodging
 - Level 2.6 Stealth
 - Level 2.0 Spellcasting
 - Level 1.0 Transmutations
 * Level 4.2 Earth Magic


You had 3 spell levels left.
You knew the following spells:

 Your Spells              Type           Power        Failure   Level  Hunger
a - Sandblast             Erth           ###...       3%          1    #......
b - Passwall              Tmut/Erth      ##........   10%         2    ###....


Dungeon Overview and Level Annotations

Branches:
Dungeon (5/15)
 Temple: D:4-7

Altars:
Dithmenos

Shops:
D:4 (


Innate Abilities, Weirdness & Mutations

You cannot wear most types of armour.
You are very stealthy in the water. (Stealth+)
You are amphibious.
You can wear up to eight rings at the same time.
You can use your tentacles to constrict eight enemies at once.
Your skin changes colour to match your surroundings (Stealth+).
Your rubbery body absorbs attacks. (AC +1, EV +1)


Message History

Aiming: Sandblast
Press: ? - help, Shift-Dir - straight line, f/p - worker ant
Aim: a worker ant (heavily wounded)
The blast of sand hits the worker ant.
The worker ant is severely wounded.
b - 44 stones The worker ant bites you.
* * * LOW HITPOINT WARNING * * *
The worker ant bites you.
* * * LOW HITPOINT WARNING * * *
Casting: Sandblast
Confirm with . or Enter, or press ? or * to list all spells.
Aiming: Sandblast
Press: ? - help, Shift-Dir - straight line, f/p - worker ant
Aim: a worker ant (severely wounded)
The blast of sand hits the worker ant.
The worker ant is severely wounded.
b - 43 stones The worker ant bites you.
You die...

.# #.# #### #.#.#
##...##.#.#
##.....#.#.#
#........#.####
##........#....
......a@..#..#
#...(...#.#..######
%..................
##.........)######
#...........######
#$.......#.......#
##>....#.#.......#
##...##.#.......#
###. ..........#


You could see a worker ant.

Vanquished Creatures
  A worker ant (D:4)
  A ball python (D:4)
  A goblin (D:1)
  A kobold (D:2)
  A leopard gecko skeleton (D:4)
  A quokka zombie (D:5)
  2 rats (D:3)
8 creatures vanquished.

Notes
Turn   | Place    | Note
-------+----------+-------------------------------------------
     0 | D:1      | 4thArraOfDagon the Octopode Earth Elementalist began the quest for the Orb.
     0 | D:1      | Reached XP level 1. HP: 11/11 MP: 3/3
   135 | D:4      | Found a shadowy altar of Dithmenos.
   135 | D:4      | Noticed a worker ant
   141 | D:4      | Killed a worker ant
   141 | D:4      | Reached skill level 4 in Earth Magic
   141 | D:4      | Reached XP level 2. HP: 17/17 MP: 0/5
   141 | D:4      | Reached XP level 3. HP: 21/21 MP: 0/6
   165 | D:4      | Learned a level 2 spell: Passwall
   195 | D:4      | Found Syof's Weapon Boutique.
   272 | D:5      | Entered Level 5 of the Dungeon
   300 | D:5      | Slain by a worker ant

Vault maps used:
D:1:      scummos_arrival_hexagon
D:2:      hex_intersection
D:3:      first_bread, kennysheep_decorative_pillar,
          nemelex_diamond_rough_becter, uniq_crazy_yiuf_cottage
D:4:      serial_shops, shop, nicolae_shop_stone, minmay_statues_item,
          minmay_shop_grid_forest, nicolae_dithmenos_shadow_blocks
D:5:      temple_pool_b, uniq_duvessa

Skill      XL: |  1 |
---------------+----+-----
Earth Magic    | 4 |  4.2
Dodging        | |  2.0
Stealth        | |  2.6
Spellcasting   | |  2.0
Transmutations | |  1.0

Action                   || total
-------------------------++-------
Melee: Mace              ||     9
       Constrict         ||     4
 Cast: Sandblast         ||    13
  Use: Scroll            ||     2
Armor: Skin              ||     1
Dodge: Dodged            ||     5
